 Dungeon Crawl Stone Soup version 0.28-a0-1632-g283549b12f (webtiles) character file.

Game seed: 8518882266261919919

135 anet the Conjurer (level 5, 0/40 HPs)
             Began as a Hill Orc Conjurer on Jan 25, 2022.
             Was an Initiate of Beogh.
             Slain by Pargi the centaur (3 damage)
             ... in a sewer.
             The game lasted 00:09:01 (3888 turns).

anet the Conjurer (Hill Orc Conjurer)               Turns: 3888, Time: 00:09:04

Health: 0/40       AC:  3    Str: 10    XL:     5   Next: 18%
Magic:  1/7        EV: 11    Int: 20    God:    Beogh [......]
Gold:   131        SH:  0    Dex:  9    Spells: 4/7 levels left

rFire   . . .      SeeInvis .   b - +0 hunting sling
rCold   . . .      Faith    .   (no shield)
rNeg    . . .      Spirit   .   v - +0 leather armour
rPois   .          Reflect  .   (no helmet)
rElec   .          Harm     .   (no cloak)
rCorr   .          Rampage  .   (no gloves)
Will    .....                   (no boots)
Stlth   +.........              (no amulet)
HPRegen 0.13/turn               (no ring)
MPRegen 0.10/turn               (no ring)

@: flying
A: no striking features
a: Renounce Religion


You were in a sewer.
You worshipped Beogh.
Beogh was noncommittal.
You visited 1 branch of the dungeon, and saw 4 of its levels.
You also visited: Sewer.

You collected 131 gold pieces.

Inventory:

Hand Weapons
 a - a +0 hand axe
 b - a +0 hunting sling (weapon)
Missiles
 n - 101 stones
 p - a throwing net
 t - 25 arrows
 w - 15 sling bullets (quivered ammo)
Armour
 d - a +0 robe
 h - a +0 scale mail
 k - a +0 ring mail
 v - a +0 leather armour (worn)
Scrolls
 c - 2 scrolls of acquirement {unknown}
 e - a scroll of fog {unknown}
 f - 2 scrolls of enchant weapon {unknown}
 g - 5 scrolls of identify {unknown}
 i - a scroll of silence {unknown}
 j - a scroll of magic mapping {unknown}
 o - a scroll of enchant armour {unknown}
 r - a scroll of holy word {unknown}
Potions
 l - a potion of attraction {unknown}
 m - a potion of flight
 q - 2 potions of might {unknown}
 s - a potion of lignification {unknown}
 u - a potion of degeneration {unknown}
 z - a potion of heal wounds {unknown}


   Skills:
 + Level 1.6 Fighting
 + Level 1.7 Axes
 + Level 1.1 Slings
 + Level 1.1 Crossbows
 + Level 1.3 Armour
 - Level 2.0 Dodging
 - Level 1.5 Stealth
 + Level 1.4 Shields
 - Level 1.5 Spellcasting
 - Level 4.0 Conjurations
 + Level 1.9 Invocations
 + Level 1.2 Evocations


You had 4 spell levels left.
You knew the following spells:

 Your Spells              Type           Power      Damage    Failure   Level
a - Magic Dart            Conj           68%        1d6       4%          1
r - Searing Ray           Conj           34%        2d5       6%          2

Your spell library contained the following spells:

 Spells                   Type           Power      Damage    Failure   Level
 Dazzling Flash           Conj/Hex       18%        N/A       28%         3
 Fulminant Prism          Conj/Hex       4%         3d6       67%         4
 Iskenderun's Mystic Bla  Conj/Tloc      9%         2d4       67%         4


Dungeon Overview and Level Annotations

Branches:
Dungeon (4/15)              Sewer (1/1)
 Temple: D:4-7

Altars:
The Shining One

Annotations:
Sewer Pargi


Message History

* * * LOW HITPOINT WARNING * * *
Pargi barely misses you. Pargi closely misses you.
Fire: 16 sling bullets
Press: ? - help, Q - select action, (/) - cycle Shift-Dir - straight line, f/p - Pargi
Aim: Pargi (severely wounded, 43% to hit)
You shoot a sling bullet.
The sling bullet hits Pargi but does no damage.
Pargi is severely wounded.
You hear a splash.
Pargi misses you. Pargi barely misses you. Pargi closely misses you. x2
Pargi claws you.
* * * LOW HITPOINT WARNING * * *
Pargi barely misses you.
Unknown command.
Unknown command.
Aiming: Polymorph
Press: ? - help, Shift-Dir - straight line, f/p - Pargi
Aim: Pargi (heavily wounded, will become a centaur, a hornet, or an ice beast, chance to affect: 61%) Pargi resists with significant effort.
Pargi bites you.
* * * LOW HITPOINT WARNING * * *
Pargi claws you but does no damage. Pargi closely misses you.
Aiming: Polymorph
Press: ? - help, Shift-Dir - straight line, f/p - Pargi
Aim: Pargi (heavily wounded, will become a centaur, a hornet, or an ice beast, chance to affect: 61%) Pargi resists with significant effort.
Pargi closely misses you. Pargi barely misses you.
Pargi claws you but does no damage.
Aiming: Polymorph
Press: ? - help, Shift-Dir - straight line, f/p - Pargi
Aim: Pargi (heavily wounded, will become a centaur, a hornet, or an ice beast, chance to affect: 61%) Pargi evaporates and reforms as a centaur!
The now-empty wand crumbles to dust.
Pargi barely misses you. x2
Unknown command.
Unknown command.
It was a potion of flight.
You feel very buoyant.
You fly up into the air.
Pargi looks around nervously.
Pargi hits you but does no damage. Pargi kicks you but does no damage.
Pargi misses you. Pargi kicks you.
You die...

#....#......#####
#.∩∩.#..........#
#....#......#...#
###..#....#######
####...#...#####
#≈≈≈≈≈≈≈≈≈≈≈≈≈≈#
####...≈...#####
####.#### #@#
##c## #.(.#
##..≈## #....(#
#....≈##
#..≈#...#
#..###≈.## #.≈.
#≈≈.#


You could see Pargi the centaur.

Vanquished Creatures
  An orc priest (D:3)
  3 worms
  4 dart slugs
  5 orcs (D:3)
  6 bats
  5 endoplasms
  A giant cockroach (D:2)
  8 goblins
  10 hobgoblins
  6 jackals (D:1)
  5 quokkas
  9 ball pythons
  3 frilled lizards
  4 kobolds
  6 rats
76 creatures vanquished.

Vanquished Creatures (others)
  A worm (D:3)
  6 orcs (D:3)
  A bat (D:3)
  A hobgoblin (D:3)
  2 frilled lizards (D:3)
11 creatures vanquished.

Grand Total: 87 creatures vanquished

Notes
Turn   | Place    | Note
-------+----------+-------------------------------------------
     0 | D:1      | anet the Hill Orc Conjurer began the quest for the Orb.
     0 | D:1      | Reached XP level 1. HP: 14/14 MP: 3/3
   164 | D:1      | Found a faded altar of an unknown god.
   227 | D:1      | Reached XP level 2. HP: 22/22 MP: 2/4
   230 | D:1      | Learned a level 2 spell: Searing Ray
   857 | D:1      | Reached XP level 3. HP: 26/27 MP: 5/5
   861 | D:1      | Reached skill level 1 in Axes
   882 | D:1      | Reached skill level 1 in Fighting
  1001 | D:1      | Reached skill level 1 in Invocations
  1467 | D:2      | Reached skill level 1 in Shields
  1766 | D:2      | Reached skill level 1 in Armour
  1853 | D:2      | Reached XP level 4. HP: 35/35 MP: 0/6
  2324 | D:2      | Reached skill level 1 in Evocations
  2889 | D:3      | Became a worshipper of Beogh the Brigand
  3159 | D:3      | Reached skill level 1 in Slings
  3159 | D:3      | Reached skill level 1 in Crossbows
  3159 | D:3      | Reached XP level 5. HP: 28/40 MP: 2/7
  3476 | D:3      | Found a glowing golden altar of the Shining One.
  3762 | D:4      | Found a glowing drain.
  3781 | Sewer    | Entered a sewer
  3855 | Sewer    | Noticed Pargi
  3887 | Sewer    | Noticed Pargi
  3887 | Sewer    | Pargi changed into Pargi the centaur
  3888 | Sewer    | Slain by Pargi the centaur

Illustrated notes

Levels and vault maps discovered:
D:1:      dpeg_arrival_rooms_b, layout_basic,
          hellmonk_ecumenical_altar_heavens_door, minmay_small_reverse_x
D:2:      layout_loops_corners, chequers_serial_rivers_large_b,
          minmay_quadrilaterals
D:3:      layout_basic, nicolae_overflow_crystal_walls
D:4:      layout_cave_pods, kennysheep_okawaru_gauntlet, old_standard_altar,
          cheibrodos_sewer_entry_drain, uniq_ijyb, uniq_robin
Sewer:    sewer_the_moccasin

Skill      XL: |  1  2  3  4 |
---------------+-------------+-----
Axes           | 1 |  1.7
Fighting       | 1 |  1.6
Invocations    | 1 |  1.9
Shields        | 1 |  1.4
Armour         | 1 |  1.3
Evocations     | 1 |  1.2
Slings         | 1 |  1.1
Crossbows      | 1 |  1.1
Dodging        | 2 |  2.0
Stealth        | |  1.5
Spellcasting   | |  1.5
Conjurations   | |  4.0

Action                   |  1- 3 |  4- 6 || total
-------------------------+-------+-------++-------
Melee: Unarmed           |     1 |     3 ||     4
       Whip              |    42 |       ||    42
       Hand axe          |    41 |     3 ||    44
       Punch             |     1 |       ||     1
 Fire: Hunting sling     |     6 |    65 ||    71
 Cast: Magic Dart        |    36 |     3 ||    39
       Searing Ray       |    11 |    20 ||    31
Invok: Convert to Beogh  |       |     1 ||     1
Evoke: Wand              |       |     3 ||     3
  Use: Potion            |       |     1 ||     1
Armor: Robe              |    14 |     1 ||    15
       Leather armour    |       |    12 ||    12
Dodge: Dodged            |    87 |    41 ||   128

Table legend: (Time is in decaauts)
 A = Elapsed time spent in this place.
 B = Non-inter-level travel time spent in this place.
 C = Inter-level travel time spent in this place.
 D = Time resting spent in this place.
 E = Time spent auto-exploring this place.
 F = Levels seen in this place.
 G = Mean time per level.
                   A        B        C        D        E       F      G
               +--------+--------+--------+--------+--------+-----+--------+
         Total |   3928 |   3767 |    161 |     21 |   3125 |   5 |  785.6 |
       Dungeon |   3816 |   3655 |    161 |     21 |   3050 |   4 |  954.0 |
         Sewer |    111 |    111 |      0 |      0 |     75 |   1 |  111.0 |
               +--------+--------+--------+--------+--------+-----+--------+

Top non-repeatable levels by time:
     D:2: 1447 daAuts
     D:1: 1411 daAuts
     D:3: 916 daAuts
   Sewer: 111 daAuts
     D:4: 41 daAuts
